 Dungeon Crawl Stone Soup version 0.31-a0-889-g1a8549509d (webtiles) character file.

Game seed: 6979772531238975756

1403 Arex the Ruffian (level 8, -12/44 HPs)
             Began as a Vine Stalker Fighter on Oct 16, 2023.
             Was a Follower of Ru.
             Shot with a bolt by an orc warrior (17 damage)
             ... in a bailey.
             The game lasted 00:10:27 (4547 turns).

Arex the Ruffian (Vine Stalker Fighter)             Turns: 4547, Time: 00:10:28

Health: -12/44     AC: 17    Str: 21    XL:     8   Next: 69%
Magic:  0/9        EV:  6    Int:  8    God:    Ru [*.....]
Gold:   204        SH:  5    Dex: 14    Spells: 7/7 levels left

rFire   . .          .
                       - Unarmed
rCold   . . .        b - +0 buckler
rNeg    + . .        p - +0 plate armour
rPois   .            j - +0 helmet
rElec   .            l - +2 cloak
rCorr   .            (no gloves)
SInv    +            y - +0 pair of boots
Will    +....        r - amulet of magic regeneration Stlth
                     i - ring of see invisible
HPRegen 1.07/turn    z - ring of positive energy
MPRegen 0.51/turn

%: guardian spirit
@: no status effects
A: fangs 3, regeneration 1, magic shield, antimagic bite, no potion heal 2,
hated by all
a: Renounce Religion


You were in a bailey.
You worshipped Ru.
Ru was aware of your devotion.
You visited 2 branches of the dungeon, and saw 8 of its levels.
You also visited: Bailey.

You collected 204 gold pieces.

Inventory:

Hand Weapons
 x - a +0 dagger
Missiles
 v - 14 poisoned darts (quivered)
 w - 5 javelins
Armour
 a - a +0 scale mail
 b - a +0 buckler (worn)
 j - a +0 helmet (worn)
 l - a +2 cloak (worn)
 p - a +0 plate armour (worn)
 y - a +0 pair of boots (worn)
Jewellery
 i - a ring of see invisible (left hand)
 r - an amulet of magic regeneration (around neck)
 t - a ring of ice
 z - a ring of positive energy (right hand)
Wands
 F - a wand of acid (10)
Scrolls
 d - a scroll of enchant weapon
 e - a scroll of teleportation
 g - 2 scrolls of amnesia
 k - 2 scrolls of silence {unknown}
 n - a scroll of fog {unknown}
 u - 2 scrolls of enchant armour {unknown}
 A - a scroll of blinking {unknown}
 D - a scroll of vulnerability
 E - a scroll of fear {unknown}
 G - a scroll of immolation
Potions
 c - a potion of might
 f - 3 potions of degeneration
 h - 3 potions of lignification
 m - 2 potions of curing
 o - a potion of attraction
 q - 2 potions of brilliance
 s - a potion of mutation {unknown}
 B - a potion of enlightenment {unknown}


   Skills:
 + Level 5.4 Fighting
 + Level 4.9 Armour
 + Level 5.4 Shields
 + Level 5.5 Unarmed Combat
 + Level 0.5 Evocations


You had 7 spell levels left.
You didn't know any spells.
Your spell library contained the following spells:

 Spells                   Type           Power      Damage    Failure   Level
 Sting                    Tmut/Pois      0%         1d3       100%        1
 Poisonous Vapours        Pois/Air       0%         N/A       100%        2
 Inner Flame              Hex/Fire       0%         N/A       100%        3
 Flame Wave               Conj/Fire      0%         2d4       100%        4
 Olgreb's Toxic Radiance  Pois           0%         N/A       100%        4
 Sticky Flame             Conj/Fire      0%         2d3       100%        4


Dungeon Overview and Level Annotations

Branches:
Dungeon (7/15)             Temple (1/1) D:4          Bailey (1/1)

Altars:
Cheibriados
Dithmenos
Elyvilon
Gozag
Kikubaaqudgha
Makhleb
Nemelex Xobeh
Okawaru
Qazlal
Ru
Sif Muna
Trog
Uskayaw
Vehumet
Wu Jian
Zin

Shops:
D:4 [

Annotations:
D:2 Natasha


Innate Abilities, Weirdness & Mutations

You have razor-sharp teeth.
Your natural rate of healing is unusually fast.
When hurt, damage is shared between your health and your magic reserves.
Your bite disrupts and absorbs the magic of your enemies.
Potions cannot restore your health.
You are hated by all.


Message History

An orc warrior comes into view. It is wielding a +0 arbalest.
The orc warrior shoots a bolt.
The bolt closely misses you.
The orc warrior shouts!
You hear a shout!
The orc warrior shoots a bolt.
The bolt hits you.
An orc warrior comes into view. It is wielding a +0 arbalest.
The orc warrior is stunned by your conviction and fails to attack.
The orc warrior shoots a bolt.
You block the bolt.
The orc warrior shoots a bolt.
The bolt hits you but does no damage.
The orc warrior shoots a bolt.
The bolt hits you but does no damage.
The orc warrior shoots a bolt.
The bolt barely misses you.
The orc warrior shoots a bolt.
The bolt barely misses you.
The orc warrior shoots a bolt.
The bolt hits you!
The orc warrior shoots a bolt.
The bolt hits you.
The orc warrior shoots a bolt.
The bolt hits you but does no damage.
Found a gate leading back out of this place.
You redirect the orc warrior's attack!
The orc warrior shoots a bolt.
The bolt hits the orc warrior!
The orc warrior shoots a bolt.
The bolt hits you.
The orc warrior shoots a bolt.
The bolt hits you!
The orc warrior shoots a bolt.
The bolt hits you.
The orc warrior shoots a bolt.
The bolt hits you!
The orc warrior shoots a bolt.
You block the bolt.
The orc warrior is stunned by your conviction and fails to attack.
The orc warrior shoots a bolt.
The bolt hits you!
* * * LOW HITPOINT WARNING * * *
You redirect the orc warrior's attack!
The orc warrior shoots a bolt.
The bolt misses the orc warrior.
The bolt hits the orc warrior.
The orc warrior shoots a bolt.
The bolt completely misses you.
Okay, then.
Okay, then.
Aiming: Corrosive Bolt
Press: ? - help, Shift-Dir - straight line, f - orc warrior
Aim: an orc warrior, wielding a +0 arbalest and wearing a +3 ring mail (heavily wounded, not watching you, 64% to hit)
The bolt of acid misses the orc warrior.
The orc warrior shoots a bolt.
The bolt hits you!
* * * LOW HITPOINT WARNING * * *
The orc warrior shoots a bolt.
The bolt hits you but does no damage.
The orc warrior shoots a bolt.
The bolt hits you!!
You die...

~~~~~# ≈~~~~# ##~~~≈≈ ~≈
≈~~~~#######~~~~≈##.# ..
≈~~~~~~~~~~~~~~~≈#∩.##≈....
~~~~~~~~~~~~~~~~oo... ≈.....#
≈~~~~~~~~~~~~~~o≈##.##≈.....#
≈~~~~~~~~~~~~~~~≈≈###≈≈.....#
~~~~~~~~~~~~~~~~~≈≈≈≈≈~.....#
................@...........#
............................#
............................#
...........................∩#
#############################


You could see 3 orc warriors.

Vanquished Creatures
  A water moccasin (D:5)
  A black bear (D:6)
  An orc warrior (Bailey)
  2 ogres (D:5)
  2 phantoms
  A gnoll sergeant (D:5)
  A scorpion (D:5)
  3 wights (D:6)
  A howler monkey (D:6)
  A hound (D:5)
  A jelly (D:4)
  2 sleepcaps
  Natasha (D:2)
  2 iguanas
  6 gnolls
  6 adders
  2 shadow imps (D:6)
  A white imp (D:3)
  2 ufetubi (D:5)
  4 worms
  15 orcs
  6 ball pythons
  7 endoplasms
  A giant cockroach (D:3)
  3 goblins
  2 hobgoblins
  6 jackals
  2 quokkas (D:2)
  6 bats
  3 frilled lizards
  8 kobolds
  7 rats
107 creatures vanquished.

Vanquished Creatures (others)
  An orc warrior (D:6)
1 creature vanquished.

Grand Total: 108 creatures vanquished

Notes
Turn   | Place    | Note
-------+----------+-------------------------------------------
     0 | D:1      | Arex the Vine Stalker Fighter began the quest for the Orb.
     0 | D:1      | Reached XP level 1. HP: 11/11 MP: 2/2
    45 | D:1      | Reached XP level 2. HP: 8/16 MP: 1/3
   357 | D:1      | Reached XP level 3. HP: 20/20 MP: 4/4
   737 | D:2      | Found a faded altar of an unknown god.
   807 | D:2      | Reached XP level 4. HP: 24/24 MP: 5/5
   914 | D:2      | Noticed Natasha
   919 | D:2      | Killed Natasha
  1132 | D:2      | Noticed Natasha
  1334 | D:3      | Reached XP level 5. HP: 28/28 MP: 6/6
  1627 | D:4      | Noticed an animated pearl dragon scales
  1627 | D:4      | Noticed an animated shadow dragon scales
  1627 | D:4      | Found Plog's Armour Shoppe.
  1662 | D:4      | Found a stormy altar of Qazlal.
  1751 | D:4      | Found a staircase to the Ecumenical Temple.
  1827 | Temple   | Entered the Ecumenical Temple
  1833 | Temple   | Became a worshipper of Ru the Awakened
  2230 | D:4      | Reached XP level 6. HP: 33/33 MP: 7/7
  2468 | D:5      | Entered Level 5 of the Dungeon
  2809 | D:5      | Noticed a water moccasin
  2827 | D:5      | Killed a water moccasin
  2828 | D:5      | Reached XP level 7. HP: 32/37 MP: 8/8
  3032 | D:5      | Gained mutation: You are hated by all. [Ru sacrifice]
  3032 | D:5      | Reached * piety under Ru
  3492 | D:6      | Gained mutation: You have razor-sharp teeth. [Vine Stalker
                  | growth]
  3492 | D:6      | Reached XP level 8. HP: 39/42 MP: 7/9
  3825 | D:6      | Reached skill level 5 in Fighting
  3833 | D:6      | Reached skill level 5 in Shields
  3833 | D:6      | Reached skill level 5 in Unarmed Combat
  4314 | D:7      | Found a flagged portal.
  4321 | Bailey   | Entered a bailey
  4547 | Bailey   | Shot with a bolt by an orc warrior

Illustrated notes

Levels and vault maps discovered:
D:1:      shiori_arrival_elements, layout_rooms
D:2:      layout_rooms, basic_ecumenical_altar, minmay_hedge_maze, uniq_natasha
D:3:      layout_rooms
D:4:      layout_basic, nicolae_overflow_hidden_temple, kennysheep_mini_moat,
          temple_doors_e, serial_shops, nicolae_shop_mannequins,
          hangedman_glass_teeth, kennysheep_generic_room_3
D:5:      layout_basic, corexii_leaking_fountain, minmay_misc_feat_chi,
          kennysheep_generic_room_8
D:6:      layout_loops_ring
D:7:      kennysheep_six_static_rooms, layout_basic, enter_bailey_2,
          small_statue_intersection
Temple:   nicolae_temple_bog_church
Bailey:   bailey_polearm_2, bailey

Skill      XL: |  1  2  3  4  5  6  7  8 |
---------------+-------------------------+-----
Fighting       | 3 4 5 |  5.4
Shields        | 3 4 5 |  5.4
Armour         | 3 4 |  4.9
Unarmed Combat | 3 4 5 |  5.5
Evocations     | |  0.5

Action                     |  1- 3 |  4- 6 |  7- 9 || total
---------------------------+-------+-------+-------++-------
  Melee: Unarmed           |   126 |   286 |   168 ||   580
         Bite              |    26 |   125 |    55 ||   206
  Throw: Javelin           |       |     3 |       ||     3
         Dart              |       |       |     1 ||     1
 Invoke: Sacrifice Love    |       |       |     1 ||     1
  Evoke: Wand              |       |       |     1 ||     1
    Use: Scroll            |     1 |     5 |     4 ||    10
 Armour: Scale mail        |    71 |    21 |       ||    92
         Plate armour      |       |   110 |   193 ||   303
  Dodge: Dodged            |    40 |    40 |    54 ||   134
  Block: Buckler           |    32 |    35 |    47 ||   114

Table legend: (Time is in decaauts)
 A = Elapsed time spent in this place.
 B = Non-inter-level travel time spent in this place.
 C = Inter-level travel time spent in this place.
 D = Time resting spent in this place.
 E = Time spent auto-exploring this place.
 F = Levels seen in this place.
 G = Mean time per level.
                   A        B        C        D        E       F      G
               +--------+--------+--------+--------+--------+-----+--------+
         Total |   4556 |   4079 |    477 |    134 |   2642 |   9 |  506.2 |
       Dungeon |   4293 |   3821 |    472 |     90 |   2642 |   7 |  613.3 |
        Temple |     12 |      7 |      5 |      0 |      0 |   1 |   12.0 |
        Bailey |    249 |    249 |      0 |     44 |      0 |   1 |  249.0 |
               +--------+--------+--------+--------+--------+-----+--------+

Top non-repeatable levels by time:
     D:5: 945 daAuts
     D:4: 857 daAuts
     D:6: 824 daAuts
     D:2: 591 daAuts
     D:1: 537 daAuts
     D:3: 531 daAuts
  Bailey: 249 daAuts
  Temple: 12 daAuts
     D:7: 6 daAuts
